 Dungeon Crawl Stone Soup version 0.27-a0-1612-gde56a17b89 (webtiles) character file.

Game seed: 16525901870301407438

57 robertstho the Skirmisher (level 4, -3/31 HPs)
             Began as an Octopode Berserker on July 21, 2021.
             Was a Believer of Trog.
             Slain by an orc wizard (4 damage)
             ... on level 3 of the Dungeon.
             The game lasted 00:01:22 (1424 turns).

robertstho the Skirmisher (Octopode Berserker)      Turns: 1424, Time: 00:01:23

Health: -3/31      AC:  1    Str: 17    XL:     4   Next: 0%
Magic:  4/4        EV: 13    Int:  9    God:    Trog [**....]
Gold:   71         SH:  0    Dex: 11    Spells: 3/3 levels left

rFire    . . .     SeeInvis .     - Unarmed
rCold    . . .     Faith    .   (no shield)
rNeg     . . .     Spirit   .   (helmet restricted)
rPois    .         Reflect  .   (no amulet)
rElec    .         Harm     .   (no ring)
rCorr    .         Rampage  .   (no ring)
Will     .....                  (no ring)
Stlth    +++.......             (no ring)
HPRegen  0.10/turn              (no ring)
MPRegen  0.09/turn              (no ring)
                                (no ring)
                                (no ring)

@: on berserk cooldown, slowed, very slow
A: almost no armour, amphibious, 8 rings, camouflage 1, gelatinous body 1,
(nimble swimmer 1), tentacles
a: Renounce Religion, Berserk, Trog's Hand


You were on level 3 of the Dungeon.
You worshipped Trog.
Trog was pleased with you.
You visited 1 branch of the dungeon, and saw 3 of its levels.

You collected 71 gold pieces.

Inventory:

Scrolls
 a - 6 scrolls of identify {unknown}
 d - a scroll of fog {unknown}
 f - a scroll of immolation {unknown}
Potions
 c - a potion of lignification {unknown}
 e - a potion of degeneration {unknown}


   Skills:
 * Level 3.5 Fighting
 + Level 3.3 Dodging
 * Level 2.9 Stealth
 + Level 3.3 Unarmed Combat


You had 3 spell levels left.
You didn't know any spells.
Your spell library was empty.

Dungeon Overview and Level Annotations

Branches:
Dungeon (3/15)

Altars:


Innate Abilities, Weirdness & Mutations

You cannot wear most types of armour.
You are amphibious.
You can wear up to eight rings at the same time.
Your skin changes colour to match your surroundings (Stealth+).
Your rubbery body absorbs attacks. (AC +1, EV +1)
((You are camouflaged near water. (Stealth+)))
You have tentacles for arms and can constrict up to eight enemies at once.


Message History

You kill the bat!
Trog accepts your kill.
The orc wizard hits you with a +0 dagger.
The orc hits you with a +0 flail!
You're too confused to move!
The orc wizard mumbles some strange words.
The orc wizard flickers and vanishes!
Deactivating autopickup; reactivate with Ctrl-A.
The orc misses you.
It was a potion of curing.
You feel better. The orc closely misses you. Something hits you.
A red film seems to cover your vision as you go berserk!
You feel yourself moving faster!
You feel mighty!
You hear some strange, mumbled words.
You are confused.
The orc closely misses you.
You bump into the rock wall.
You feel a strong urge to attack something.
Something hits you. The orc hits you with a +0 flail.
You bump into the rock wall.
The orc hits you with a +0 flail. Something hits you.
You miss something. You barely miss the orc. You squeeze the orc!
You kill the orc!
Trog accepts your kill. Something hits you.
* * * LOW HITPOINT WARNING * * *
You have reached level 4!
You bump into the rock wall.
Something hits you.
* * * LOW HITPOINT WARNING * * *
You closely miss something. Your squeeze misses something.
You are no longer berserk.
You are exhausted.
You feel yourself slow down. Something hits you.
* * * LOW HITPOINT WARNING * * *
You see here a bat corpse.
You completely miss something. Your squeeze misses something.
You feel less confused. Something hits you.
You die...

........####
............#
............ ...#.......
.......... .........#
.........# .........##
........@{# ......).).#
..........# ..........#
....#####.# #### #.# ##
#.###### .# #......#
.#####################.#


There were no monsters in sight!

Vanquished Creatures
  2 adders (D:2)
  A worm (D:2)
  A dart slug (D:2)
  2 orcs (D:3)
  An endoplasm (D:2)
  3 giant cockroaches
  5 goblins
  2 hobgoblins (D:1)
  2 kobolds
  2 quokkas (D:2)
  3 ball pythons
  5 bats
  A frilled lizard (D:2)
30 creatures vanquished.

Notes
Turn   | Place    | Note
-------+----------+-------------------------------------------
     0 | D:1      | robertstho the Octopode Berserker began the quest for the
                  | Orb.
     0 | D:1      | Reached XP level 1. HP: 16/16 MP: 1/1
     3 | D:1      | Noticed an electric eel
     4 | D:1      | Noticed an electric eel
    90 | D:1      | Found a faded altar of an unknown god.
   209 | D:1      | Reached XP level 2. HP: 21/21 MP: 2/2
   608 | D:1      | Reached skill level 1 in Stealth
   725 | D:2      | Reached XP level 3. HP: 26/26 MP: 3/3
   972 | D:2      | Reached ** piety under Trog
  1421 | D:3      | Reached XP level 4. HP: 12/31 MP: 4/4
  1423 | D:3      | HP: 1/31 [something (4)]
  1424 | D:3      | Slain by an orc wizard

Illustrated notes

Levels and vault maps discovered:
D:1:      arrival_aquarium_b, layout_loops_ring, ebering_ecumenical_altar_ruins
D:2:      layout_basic, serial_glass, glass_columns_a, glass_columns_b,
          glass_columns_b, glass_columns_a, glass_columns_b, glass_columns_b,
          glass_columns_b, glass_columns_a, glass_columns_c, glass_columns_a,
          glass_columns_a, glass_columns_c, glass_columns_b, glass_columns_a
D:3:      layout_basic, grunt_temple_overflow_open

Skill      XL: |  1  2  3 |
---------------+----------+-----
Stealth        | 1 2 |  2.9
Fighting       | |  3.5
Dodging        | |  3.3
Unarmed Combat | |  3.3

Action                   |  1- 3 |  4- 6 || total
-------------------------+-------+-------++-------
Melee: Unarmed           |    55 |     2 ||    57
       Constrict         |    16 |       ||    16
       Tentacles         |    12 |       ||    12
Invok: Berserk           |     1 |       ||     1
  Use: Potion            |     1 |       ||     1
 Stab: Sleeping          |    19 |       ||    19
Armor: Skin              |     3 |       ||     3
Dodge: Dodged            |    35 |       ||    35

Table legend: (Time is in decaauts)
 A = Elapsed time spent in this place.
 B = Non-inter-level travel time spent in this place.
 C = Inter-level travel time spent in this place.
 D = Time resting spent in this place.
 E = Time spent auto-exploring this place.
 F = Levels seen in this place.
 G = Mean time per level.
                   A        B        C        D        E       F      G
               +--------+--------+--------+--------+--------+-----+--------+
         Total |   1418 |   1370 |     48 |      0 |   1185 |   3 |  472.7 |
       Dungeon |   1418 |   1370 |     48 |      0 |   1185 |   3 |  472.7 |
               +--------+--------+--------+--------+--------+-----+--------+

Top non-repeatable levels by time:
     D:1: 705 daAuts
     D:2: 644 daAuts
     D:3: 69 daAuts
